 Dungeon Crawl Stone Soup version bcrawl-1.14 (webtiles) character file.

Game seed: 18049365545735432290

176 Revguard the Charlatan (level 5, 0/38 HPs)
             Began as a Formicid Archaeologist on Sept 6, 2019.
             Succumbed to an adder's poison
             ... on level 4 of the Dungeon.
             The game lasted 00:06:38 (2565 turns).

Revguard the Charlatan (Formicid Archaeologist)     Turns: 2565, Time: 00:06:38

Health: 0/38       AC:  8    Str: 14 (16) XL:     5   Next: 86%
Magic:  9/9        EV: 10    Int: 13      God:
Gold:   135        SH:  0    Dex: 10      Spells: 4/4 levels left

rFire    . . .     SeeInvis +   b - +0 hand axe
rCold    . . .     Gourm    .   (no shield)
rNeg     . . .     Faith    .   j - +1 scale mail
rPois    .         Spirit   .   (helmet unavailable)
rElec    .         Reflect  .   (no cloak)
rCorr    .         Harm     .   (no gloves)
MR       .....                  c - +1 pair of boots
Stlth    +.........             (no amulet)
HPRegen  0.12/turn              h - ring of teleportation (curse)
MPRegen  0.11/turn              (no ring)

@: lethally poisoned (0 -> -6), studying Evocations
A: permanent stasis, dig shafts and tunnels, four strong arms, antennae 3,
yellow scales 1, deformed body
a: Dig, Shaft Self


You were on level 4 of the Dungeon.
You were not hungry.

You visited 1 branch of the dungeon, and saw 3 of its levels.

You collected 135 gold pieces.

Inventory:

Hand Weapons
 a - a +0 whip
 b - a +0 hand axe (weapon)
Armour
 c - a +1 pair of boots (worn)
 j - a +1 scale mail (worn)
Jewellery
 h - a cursed ring of teleportation (left hand)
Scrolls
 g - a scroll of teleportation {unknown}
 l - a scroll of fog {unknown}
Books
 d - a manual of Evocations
Miscellaneous
 e - an ancient crate
Comestibles
 f - 3 rations {!d}
 k - a chunk of flesh


   Skills:
 * Level 2.1 Fighting
 + Level 0.1(1.0) Axes
 - Level 1.7 Maces & Flails
 * Level 2.0 Armour
 + Level 3.2 Dodging
 - Level 4.0 Stealth
 * Level 5.3 Evocations


You had 4 spell levels left.
You didn't know any spells.
Your spell library was empty.

Dungeon Overview and Level Annotations

Branches:
Dungeon (2/12)

Altars:


Innate Abilities, Weirdness & Mutations

You cannot be hasted, slowed, berserked, paralysed or teleported.
You can dig through walls and to a lower floor.
Your four strong arms can wield two-handed weapons with a shield.
You have a pair of large antennae on your head. (SInv)
You are partially covered in yellow scales. (AC +2)
Armour fits poorly on your strangely shaped body.


Message History

Okay, then.
Your scale mail prevents you from hitting the adder.
The adder is severely wounded.
* * * LOW HITPOINT WARNING * * *
You feel sick.
The adder bites you but does no damage. x2
You hit the adder.
You kill the adder!
* * * LOW HITPOINT WARNING * * *
You feel sick.
Are you sure you want to shaft yourself?
You feel quite a bit more hungry.
* * * LOW HITPOINT WARNING * * *
You feel sick.
You begin to dig a shaft.
You continue digging a shaft.
A shaft appears beneath you!
You fall into a shaft and drop 2 floors!
The shaft crumbles and collapses.
You hear the sound of rushing water.
There is an entrance to a sewer on this level.
Hurry and find it before the portal rusts away!
You die...

# #.###
#..@+
......###
.....
.... .>#
#


There were no monsters in sight!

Vanquished Creatures
  A sky beast (D:2)
  2 adders (D:2)
  An ooze (D:1)
  A worm (D:2)
  3 dart slugs (D:1)
  2 leopard geckos
  4 bats (D:1)
  3 giant cockroaches
  5 goblins
  12 hobgoblins
  2 jackals (D:2)
  3 quokkas (D:2)
  A frilled lizard (D:1)
  5 kobolds
  7 rats
52 creatures vanquished.

Notes
Turn   | Place    | Note
-------+----------+-------------------------------------------
     0 | D:1      | Revguard the Formicid Archaeologist began the quest for the
                  | Orb.
     0 | D:1      | Reached XP level 1. HP: 15/15 MP: 1/1
    21 | D:1      | Reached XP level 2. HP: 16/21 MP: 2/2
   212 | D:1      | Reached skill level 1 in Armour
   239 | D:1      | Reached XP level 3. HP: 7/26 MP: 3/3
  1752 | D:2      | Reached XP level 4. HP: 32/33 MP: 4/4
  1938 | D:2      | Noticed a sky beast
  1954 | D:2      | Reached skill level 1 in Evocations
  1981 | D:2      | Killed a sky beast
  1981 | D:2      | Reached skill level 5 in Evocations
  1981 | D:2      | Reached XP level 5. HP: 11/38 MP: 4/8
  2553 | D:2      | Gained mutation: Armour fits poorly on your strangely
                  | shaped body. [potion of mutation]
  2553 | D:2      | Gained mutation: You are partially covered in yellow
                  | scales. (AC +2) [potion of mutation]
  2563 | D:2      | HP: 1/38 [poisoned by an adder]
  2565 | D:2      | You fall into a shaft and drop 2 floors!
  2565 | D:4      | Succumbed to an adder's poison

Skill      XL: |  1  2  3  4  5 |
---------------+----------------+-----
Dodging        | 3 |  3.2
Armour         | 1 2 |  2.0
Fighting       | 2 |  2.1
Evocations     | 5 |  5.3
Axes           | |  0.1
Maces & Flails | |  1.7
Stealth        | |  4.0

Action                   |  1- 3 |  4- 6 || total
-------------------------+-------+-------++-------
Melee: Whip              |   188 |    62 ||   250
       Hand axe          |       |    43 ||    43
 Abil: Dig               |       |     2 ||     2
       Shaft Self        |       |     1 ||     1
  Use: Potion            |     3 |     3 ||     6
       Scroll            |     1 |       ||     1
 Stab: Sleeping          |     2 |       ||     2
  Eat: Chunk             |     3 |     3 ||     6
Armor: Robe              |    12 |       ||    12
       Leather armour    |    35 |       ||    35
       Scale mail        |    24 |    59 ||    83
       Skin              |       |     1 ||     1
Dodge: Dodged            |   119 |    65 ||   184
